 Dungeon Crawl Stone Soup version 0.20-a0-493-g19c8d8d (webtiles) character file.

31 AlphabetPasta the Caller (level 2, -2/23 HPs)
             Began as a Demigod Summoner on Jan 18, 2017.
             Slain by a gnoll
             ... wielding a cursed +0 club
              (6 damage)
             ... on level 2 of the Dungeon.
             The game lasted 00:05:53 (2232 turns).

AlphabetPasta the Caller (Demigod Summoner)         Turns: 2232, Time: 00:05:54

Health: -2/23      AC:  5    Str: 11    XL:     2   Next: 90%
Magic:  7/7        EV:  6    Int: 19    God:
Gold:   75         SH:  0    Dex: 16    Spells: 2/5 levels left

rFire    . . .     SeeInvis .   k - +0 trident
rCold    . . .     Gourm    .   a - +0 robe
rNeg     . . .     Faith    .   (no shield)
rPois    .         Spirit   .   (no helmet)
rElec    .         Reflect  .   (no cloak)
rCorr    .         Harm     .   (no gloves)
MR       .....                  i - +2 pair of boots
Stlth    ++........             (no amulet)
Regen    0.1/turn               (no ring)
                                (no ring)

@: held
A: high mp 1
a: no special abilities


You were on level 2 of the Dungeon.
You were not hungry.

You visited 1 branch of the dungeon, and saw 2 of its levels.

You collected 75 gold pieces.

Inventory:

Hand Weapons
 e - a +0 club
 g - a +0 hand axe
 k - a +0 trident (weapon)
Armour
 a - a +0 robe (worn)
 i - a +2 pair of boots (worn)
Wands
 j - a wand of digging (12/24)
Scrolls
 d - a scroll of remove curse {unknown}
 f - a scroll of amnesia {unknown}
 h - 2 scrolls of enchant armour {unknown}
 l - 2 scrolls of teleportation {unknown}
Books
 b - a book of Callings

   Spells                             Type                      Level
   a - Summon Small Mammal            Summoning                    1
   b - Call Imp                       Summoning                    2
   c - Call Canine Familiar           Summoning                    3
   d - Summon Guardian Golem          Hexes/Summoning              3
   e - Summon Lightning Spire         Summoning/Air                4
   f - Summon Ice Beast               Ice/Summoning                4
Comestibles
 c - 5 chunks of flesh


   Skills:
 - Level 1.0 Fighting
 - Level 0.1 Axes
 * Level 0.0 Polearms
 - Level 1.7 Dodging
 - Level 1.7 Stealth
 + Level 2.2 Spellcasting
 * Level 4.0 Summonings


You had 2 spell levels left.
You knew the following spells:

 Your Spells              Type           Power        Failure   Level  Hunger
a - Summon Small Mammal   Summ           ###.         3%          1    #......
b - Call Imp              Summ           ###.....     6%          2    ##.....


Dungeon Overview and Level Annotations

Branches:
Dungeon (2/15)


Innate Abilities, Weirdness & Mutations

You have an increased reservoir of magic. (+10% MP)


Message History

There is an open door here.
There is an open door here.
There is an open door here.
There is a stone staircase leading down here.
You open the door. 3 gnolls come into view.
A gnoll is wielding a spear of flaming.
The gnoll shouts!
The gnoll throws a throwing net.
The throwing net hits you.
You become entangled in the net!
A gnoll comes into view. It is wielding a spear.
You struggle against the net.
The gnoll shouts! x2
You struggle against the net.
The gnoll barely misses you. The gnoll hits you with a club!
You struggle against the net.
The gnoll hits you from afar with a halberd!
Ouch! That really hurt!
* * * LOW HITPOINT WARNING * * *
The gnoll hits you but does no damage. The gnoll hits you with a club.
You die...

#'##..#
#.############
......# #.##......
......###....#
.............#
....#.######.#
....#........#####
....#............#
....+........###.#
#'###........# #@#
.............# #g#
..############


ggg ...# ....# ##'## .....# ....# ......# ....# .......# ....+ ........# ....#
You could see 4 gnolls.

Vanquished Creatures
  2 dart slugs (D:1)
  A leopard gecko (D:1)
  2 bats
  3 frilled lizards
  2 goblins
  3 kobolds
  6 rats (D:1)
19 creatures vanquished.

Vanquished Creatures (collateral kills)
  An adder (D:2)
  A goblin (D:1)
  2 hobgoblins (D:1)
  A bat (D:1)
  2 kobolds (D:1)
7 creatures vanquished.

Grand Total: 26 creatures vanquished

Notes
Turn   | Place    | Note
-------+----------+-------------------------------------------
     0 | D:1      | AlphabetPasta the Demigod Summoner began the quest for the Orb.
     0 | D:1      | Reached XP level 1. HP: 14/14 MP: 5/5
   908 | D:1      | Reached skill level 1 in Fighting
   908 | D:1      | Reached XP level 2. HP: 9/23 MP: 7/7
   917 | D:1      | Learned a level 2 spell: Call Imp
  2051 | D:2      | Reached skill level 4 in Summonings
  2232 | D:2      | Slain by a gnoll

Vault maps used:
D:1:      dpeg_arrival_houses_and_road
D:2:      kennysheep_goblin_castle, dancing_weapons_uskayaw

Skill      XL: |  1  2 |
---------------+-------+-----
Spellcasting   | 2 |  2.2
Fighting       | 1 |  1.0
Summonings     | 4 |  4.0
Axes           | |  0.1
Dodging        | |  1.7
Stealth        | |  1.7

Action                   || total
-------------------------++-------
Melee: Unarmed           ||    30
       Club              ||    40
       Hand axe          ||    20
       Trident           ||     1
 Cast: Summon Small Mamm ||     7
       Call Imp          ||     2
 Stab: Sleeping          ||     5
  Eat: Bread ration      ||     1
       Chunk             ||     1
Armor: Robe              ||    17
Dodge: Dodged            ||    65
